 Dungeon Crawl Stone Soup version 0.29-a0-340-g6efceafd81 (webtiles) character file.

Game seed: 16193912762704112355

2853 spaghetti the Slicer (level 9, -1/60 (68) HPs)
             Began as a Deep Dwarf Summoner on Apr 19, 2022.
             Was an Elder of Ru.
             Slain by a yak (14 damage)
             ... on level 7 of the Dungeon.
             The game lasted 00:23:15 (7944 turns).

spaghetti the Slicer (Deep Dwarf Summoner)          Turns: 7944, Time: 00:23:16

HP:   -1/60 (68)    AC:  4    Str: 17    XL:     9   Next: 46%
MP:   11/13         EV: 12    Int: 19    God:    Ru [****..]
Gold: 246           SH:  0    Dex: 13    Spells: 4/14 levels left

rFire   . . .      SeeInvis .   z - +0 short sword (vamp) {short}
rCold   + . .      Faith    .   (shield unavailable)
rNeg    . . .      Spirit   .   L - +0 leather armour of Jojobak {rC+ rCorr Str+4}
rPois   .          Reflect  .   (no helmet)
rElec   .          Harm     .   (no cloak)
rCorr   +          Rampage  .   (no gloves)
Will    +....                   I - +0 pair of boots
Stlth   ++........              (no amulet)
HPRegen 0.00/turn               (ring unavailable)
MPRegen 0.13/turn               (no ring)

@: exhausted, heavily drained, unable to drink
A: damage resistance, heal wounds, sense surroundings 2, inability to drink
while threatened, missing a hand, no regeneration
a: Heal Wounds, Renounce Religion, Draw Out Power, Power Leap


You were on level 7 of the Dungeon.
You worshipped Ru.
Ru was greatly pleased with you.
You visited 1 branch of the dungeon, and saw 7 of its levels.

You collected 246 gold pieces.


Innate Abilities, Weirdness & Mutations

You are resistant to damage.
You can heal yourself by infusing magical energy.
You passively map the area around you.
You sometimes lose the ability to drink potions when taking damage.
You are missing a hand.
You do not regenerate.


   Skills:
 + Level 8.8 Short Blades
 - Level 2.1 Dodging
 - Level 2.4 Stealth
 - Level 3.0 Spellcasting
 + Level 7.4 Summonings
 + Level 3.2 Air Magic


You had 4 spell levels left.
You knew the following spells:

 Your Spells              Type           Power      Damage    Failure   Level
a - Summon Small Mammal   Summ           100%       N/A       1%          1
b - Call Imp              Summ           31%        N/A       1%          2
c - Call Canine Familiar  Summ           31%        N/A       2%          3
d - Summon Lightning Spi  Summ/Air       23%        N/A       21%         4

Your spell library contained the following spells:

 Spells                   Type           Power      Damage    Failure   Level
 Summon Guardian Golem    Hex/Summ       16%        N/A       12%         3
 Magic Dart               Conj           8%         1d3       19%         1
 Mephitic Cloud           Conj/Pois/Air  6%         N/A       34%         3
 Ozocubu's Armour         Ice            2%         N/A       50%         3
 Metabolic Englaciation   Hex/Ice        1%         N/A       99%         5
 Simulacrum               Ice/Necr       1%         N/A       100%        6

Inventory:

Hand Weapons
 c - a +0 dagger {short}
   (You took it off a kobold on level 1 of the Dungeon)
 d - a +0 dagger {short}
   (You took it off a goblin on level 1 of the Dungeon)
 g - a +0 dagger {short}
   (You took it off a kobold on level 1 of the Dungeon)
 h - a +0 club {mace}
   (You took it off a goblin on level 1 of the Dungeon)
 j - a +0 spear {polearm}
   (You found it on level 1 of the Dungeon)
 k - a +0 dagger {short}
   (You found it on level 1 of the Dungeon)
 n - a +0 club {mace}
   (You took it off a kobold on level 1 of the Dungeon)
 p - a +0 hunting sling {sling}
   (You found it on level 1 of the Dungeon)
 w - a +4 hunting sling {sling}
   (You found it on level 3 of the Dungeon)
 z - a +0 vampiric short sword (weapon) {short}
   (You found it on level 4 of the Dungeon)
 H - a +2 dagger of electrocution {short}
   (You took it off a centaur on level 5 of the Dungeon)
Missiles
 o - 167 stones (quivered) {throwing}
 u - 16 poisoned darts {throwing}
 A - 14 boomerangs {throwing}
 B - a throwing net {=f!fthrowing}
 J - 3 boomerangs of dispersal {=f!fthrowing}
 K - 4 curare-tipped darts {=fthrowing}
Armour
 a - a +0 robe
 I - a +0 pair of boots (worn)
   (You found it on level 5 of the Dungeon)
 L - the +0 leather armour of Jojobak (worn) {rC+ rCorr Str+4}
   (You found it on level 6 of the Dungeon)

   Str:       It affects your strength (+4).
   rC:        It protects you from cold.
   rCorr:     It protects you from acid and corrosion.
 P - +0 steam dragon scales
   (You took it off Maggie on level 6 of the Dungeon)
Magical Staves
 R - a staff of poison {!astaff}
   (You found it on level 6 of the Dungeon)
Jewellery
 s - a +6 ring of dexterity
   (You found it on level 4 of the Dungeon)
 T - a ring of magical power
   (You found it on level 7 of the Dungeon)
Wands
 x - a wand of mindburst (7)
   (You found it on level 3 of the Dungeon)
 F - a wand of polymorph (17)
   (You took it off a centaur on level 5 of the Dungeon)
 M - a wand of digging (8)
   (You found it on level 6 of the Dungeon)
Scrolls
 e - 2 scrolls of holy word
 f - a scroll of enchant armour
 i - 2 scrolls of fog {unknown}
 m - 2 scrolls of identify {@r1}
 q - 2 scrolls of noise {unknown}
 r - 6 scrolls of vulnerability {!r!r}
 v - a scroll of magic mapping {unknown}
 y - 2 scrolls of teleportation {unknown}
 Q - 2 scrolls of blinking {unknown}
 S - a scroll of amnesia {unknown}
Potions
 b - a potion of magic
 l - 2 potions of brilliance
 t - 3 potions of heal wounds {@q2}
 C - a potion of attraction {unknown}
 D - a potion of might
 E - a potion of curing {@q1}
 G - 2 potions of flight
 N - a potion of mutation {unknown}
 O - 3 potions of lignification {!q}

Dungeon Overview and Level Annotations

Branches:
Dungeon (7/15)             Temple (0/1) D:4

Altars:
Dithmenos
Ru
Vehumet
Yredelemnul

Shops:
D:3 ( D:5

! * , * * , ,* * ,, *,
**, , * ,###### , *, *
#....# * * #....# ** *
, #...># ,*
#....##########
#.######Y.Y...........
#....@YY)Y..))........
########....##########
#....# #....# ######


You could see 4 yaks and an ice beast.


Message History

Your hound bites the yak.
The yak gores your hound!
Your hound dies!
Your hound's corpse disappears in a puff of smoke!
Your magical contamination has completely faded away. 😱 HP[-10]
You take 10 damage, and now have 16/64 hp. 😱 MP[+1]
The yak attacks as you move away!
You redirect the yak's attack!
The yak gores the yak!
Things that are here:
a +0 dagger {short}; a +0 robe
Casting: Summon Lightning Spire (dangerous; 21% risk of failure)
Confirm with . or Enter, or press ? or * to list all spells.
You miscast Summon Lightning Spire.
You are very lightly contaminated with residual magic.
Sparks of electricity dance around you.
* * * LOW HITPOINT WARNING * * *
😱 HP[-3] MP[-4]
You take 3 damage, and now have 13/64 hp.
You lost 4 mp, and now have 1/13 mp.
You cannot drink potions in your current state!
Okay, then.
Okay, then.
You feel less exhausted. 😱 MP[+1]
The yak attacks as you move away! The yak gores you!
* * * LOW HITPOINT WARNING * * *
😱 HP[-5]
You take 5 damage, and now have 8/64 hp.
The yak attacks as you move away! The yak gores you but does no damage.
The yak attacks as you move away! The yak gores you.
* * * LOW HITPOINT WARNING * * *
😱 HP[-4]
You take 4 damage, and now have 4/64 hp.
You are restored by drawing out deep reserves of power within.
You feel drained.
The yak gores you but does no damage. 😨 HP[+24] MP[+11]
You now have 60 max hp (-4).
You regained 24 hp, and now have 28/60 hp.
Your mp is fully restored (13).
Casting: Summon Lightning Spire (dangerous; 21% risk of failure)
Confirm with . or Enter, or press ? or * to list all spells.
An electric hum fills the air.
The yak bellows!
The yak gores you.
* * * LOW HITPOINT WARNING * * *
The yak misses you. 😨 HP[-1] MP[-4]
You take 1 damage, and now have 27/60 hp.
You lost 4 mp, and now have 9/13 mp.
The yak attacks as you move away! The yak gores you!
* * * LOW HITPOINT WARNING * * *
The yak gores your lightning spire but does no damage.
Your lightning spire shoots out a bolt of lightning at the yak!
The bolt of electricity hits the yak! x2 😨 HP[-11] MP[+1]
You take 11 damage, and now have 16/60 hp.
Your lightning spire shoots out a bolt of lightning at the yak!
The bolt of electricity hits the yak!
The bolt of electricity hits the yak.
The bolt of electricity hits your lightning spire.
Your lightning spire completely resists.
The bolt of electricity hits your lightning spire.
Your lightning spire completely resists.
The yak gores your lightning spire! The yak gores your lightning spire.
Your lightning spire is destroyed!
Your lightning spire disappears in a puff of smoke!
The yak bellows!
Your magical contamination has completely faded away.
Unknown command.
The yak attacks as you move away! The yak barely misses you.
The yak attacks as you move away! The yak gores you!
* * * LOW HITPOINT WARNING * * *
😱 HP[-10]
You take 10 damage, and now have 6/60 hp.
Okay, then.
You cannot drink potions in your current state!
Unknown command.
You feel much better. The yak barely misses you. 😮 HP[+26]
You regained 26 hp, and now have 32/60 hp.
The yak attacks as you move away! The yak gores you!
* * * LOW HITPOINT WARNING * * *
😨 HP[-8]
You take 8 damage, and now have 24/60 hp.
The yak attacks as you move away! The yak gores you!
* * * LOW HITPOINT WARNING * * *
😨 HP[-4]
You take 4 damage, and now have 20/60 hp.
The yak attacks as you move away! The yak closely misses you.
Things that are here:
a +0 dagger {short}; a +0 robe The yak attacks as you move away!
The yak gores you!
* * * LOW HITPOINT WARNING * * *
😱 HP[-7] MP[+1]
You take 7 damage, and now have 13/60 hp.
You see here a +0 ring mail.
The yak attacks as you move away! The yak gores you!
You die...

Skill      XL: |  1  2  3  4  5  6  7  8  9 |
---------------+----------------------------+-----
Summonings     | 4 5 6 7 |  7.4
Spellcasting   | 2 3 |  3.0
Short Blades   | 3 6 8 |  8.8
Air Magic      | 2 3 |  3.2
Dodging        | |  2.1
Stealth        | |  2.4

Action                   |  1- 3 |  4- 6 |  7- 9 || total
-------------------------+-------+-------+-------++-------
Melee: Unarmed           |    13 |       |     7 ||    20
       Punch             |     1 |       |       ||     1
       Dagger            |    50 |     2 |       ||    52
       Short sword       |       |    61 |   157 ||   218
 Fire: Hunting sling     |       |    44 |       ||    44
Throw: Stone             |       |     8 |     1 ||     9
 Cast: Summon Small Mamm |    38 |    19 |    45 ||   102
       Call Imp          |    19 |    23 |    27 ||    69
       Call Canine Famil |     1 |    30 |    38 ||    69
       Summon Lightning  |       |       |     9 ||     9
Invok: Draw Out Power    |     2 |    10 |    19 ||    31
       Sacrifice a Hand  |     1 |       |       ||     1
       Sacrifice Drink   |       |     1 |       ||     1
 Abil: Heal Wounds       |       |       |     1 ||     1
Evoke: Wand              |       |     3 |     2 ||     5
  Use: Potion            |     3 |     5 |       ||     8
       Scroll            |       |       |     3 ||     3
 Stab: Sleeping          |     4 |     3 |     1 ||     8
       Distracted        |       |     1 |     2 ||     3
       Invisible         |       |       |     1 ||     1
Armor: Robe              |    14 |    11 |    13 ||    38
       Leather armour    |       |       |     6 ||     6
       Skin              |       |       |     2 ||     2
Dodge: Dodged            |    60 |    76 |    80 ||   216

Levels and vault maps discovered:
D:1:      dpeg_cavernosity, layout_rooms, hellmonk_ecumenical_altar_lost_god
D:2:      layout_basic
D:3:      layout_basic, mainiacjoe_overflow_alcove_2,
          mainiacjoe_overflow_big_doors, serial_shops,
          nicolae_shop_bloodbath_and_beyond, minmay_strange_pillars
D:4:      minmay_evil_eye, layout_basic, minmay_temple_entry_antechambers,
          minmay_between
D:5:      layout_basic, kennysheep_small_square, uniq_sigmund
D:6:      layout_loops_ring, supply_closet_lemuel, uniq_grinder, uniq_menkaure,
          uniq_maggie
D:7:      layout_rooms

Notes
Turn   | Place    | Note
-------+----------+-------------------------------------------
     0 | D:1      | spaghetti the Deep Dwarf Summoner began the quest for the
                  | Orb.
     0 | D:1      | Reached XP level 1. HP: 15/15 MP: 3/3
     0 | D:1      | magus.rc [v1.9.6]
   230 | D:1      | Reached skill level 4 in Summonings
   240 | D:1      | Reached XP level 2. HP: 22/22 MP: 0/4
   291 | D:1      | Learned a level 2 spell: Call Imp
   372 | D:1      | Found a faded altar of an unknown god.
   531 | D:1      | Prayed at the altar of an unknown god.
   531 | D:1      | Became a worshipper of Ru the Awakened
   535 | D:1      | Gained mutation: You are missing a hand. [Ru sacrifice]
   535 | D:1      | Reached * piety under Ru
   535 | D:1      | Reached ** piety under Ru
   535 | D:1      | Reached *** piety under Ru
   919 | D:1      | Reached XP level 3. HP: 26/26 MP: 2/5
  1021 | D:1      | You pick up a book of Winter and begin reading...
  1021 | D:1      | You add the spells Ozocubu's Armour, Metabolic Englaciation
                  | and Simulacrum to your library.
  1511 | D:2      | Reached skill level 2 in Spellcasting
  1999 | D:2      | Learned a level 3 spell: Call Canine Familiar
  2348 | D:3      | Reached XP level 4. HP: 30/36 MP: 1/7
  2419 | D:3      | Found Ocimn's Weapon Emporium.
  2430 | D:3      | Reached skill level 5 in Summonings
  2650 | D:3      | Found a shadowy altar of Dithmenos.
  2822 | D:3      | Noticed a water moccasin
  2848 | D:3      | Killed a water moccasin
  2849 | D:3      | Reached XP level 5. HP: 34/42 MP: 0/9
  2969 | D:3      | Found a basalt altar of Yredelemnul.
  3203 | D:3      | Found a radiant altar of Vehumet.
  3577 | D:4      | Reached skill level 6 in Summonings
  3591 | D:4      | You pick up a book of Winter and begin reading...
  3727 | D:4      | Reached skill level 3 in Spellcasting
  3820 | D:4      | Reached XP level 6. HP: 30/47 MP: 7/10
  3851 | D:4      | You pick up a book of Minor Magic and begin reading...
  3851 | D:4      | You add the spells Magic Dart and Mephitic Cloud to your
                  | library.
  3892 | D:4      | Reached skill level 1 in Short Blades
  3912 | D:5      | Entered Level 5 of the Dungeon
  3976 | D:4      | HP: 7/40 [gnoll/+0 halberd (7)]
  3979 | D:4      | Reached skill level 2 in Short Blades
  4097 | D:4      | Gained mutation: You sometimes lose the ability to drink
                  | potions when taking damage. [Ru sacrifice]
  4097 | D:4      | Reached **** piety under Ru
  4596 | D:4      | Found a staircase to the Ecumenical Temple.
  5099 | D:5      | Found Woxon's Distillery.
  5105 | D:5      | Reached skill level 3 in Short Blades
  5131 | D:5      | Reached XP level 7. HP: 42/48 MP: 5/11
  5214 | D:5      | Reached skill level 4 in Short Blades
  5704 | D:5      | Reached skill level 5 in Short Blades
  5784 | D:5      | Reached skill level 6 in Short Blades
  5789 | D:5      | Noticed Sigmund
  5799 | D:5      | Reached XP level 8. HP: 54/62 MP: 2/12
  5852 | D:5      | Killed Sigmund
  5907 | D:5      | Reached skill level 7 in Short Blades
  6641 | D:6      | Identified the +0 leather armour of Jojobak {rC+ rCorr
                  | Str+4}
  6714 | D:6      | Learned a level 4 spell: Summon Lightning Spire
  6768 | D:6      | Noticed Maggie
  6849 | D:6      | HP: 3/49 [Maggie/bolt of fire (24)]
  6851 | D:6      | Killed Maggie
  6852 | D:6      | Reached skill level 1 in Air Magic
  7059 | D:6      | Reached skill level 8 in Short Blades
  7187 | D:6      | Noticed Grinder
  7187 | D:6      | Noticed Menkaure
  7209 | D:6      | Killed Menkaure
  7221 | D:6      | Killed Grinder
  7222 | D:6      | Reached skill level 2 in Air Magic
  7222 | D:6      | Gained mutation: You passively map the area around you.
                  | [Deep Dwarf growth]
  7222 | D:6      | Reached XP level 9. HP: 55/68 MP: 10/13
  7689 | D:7      | Reached skill level 7 in Summonings
  7771 | D:7      | Reached skill level 3 in Air Magic
  7915 | D:7      | HP: 16/64 [yak (10)]
  7921 | D:7      | HP: 13/64 [something (3)]
  7928 | D:7      | HP: 8/64 [yak (5)]
  7936 | D:7      | HP: 6/60 [yak (10)]
  7941 | D:7      | HP: 13/60 [yak (7)]
  7944 | D:7      | Slain by a yak

Vanquished Creatures
  Maggie (D:6)
  Menkaure (D:6)
  A sky beast (D:5)
  A centaur (D:5)
  An ogre (D:5)
  4 hounds
  An orc priest (D:7)
  An iguana (D:5)
  3 orc wizards
  4 gnolls (D:4)
  2 dart slugs
  3 orcs (D:4)
  6 ball pythons
  4 bats
  5 endoplasms
  4 giant cockroaches
  A hobgoblin (D:1)
  5 jackals
  3 kobolds
  2 frilled lizards
  4 goblins
  A rat (D:1)
58 creatures vanquished.

Vanquished Creatures (collateral kills)
  Grinder (D:6)
  Sigmund (D:5)
  2 yaks (D:7)
  2 water moccasins
  An orc warrior (D:7)
  A black bear (D:5)
  2 ice beasts
  An ogre (D:6)
  A bullfrog (D:6)
  A nameless horror (D:7)
  2 scorpions (D:5)
  A gnoll shaman (D:4)
  4 orc priests
  3 iguanas
  3 orc wizards
  A gnoll (D:5)
  5 adders
  2 white imps (D:5)
  3 worms
  A dart slug (D:1)
  16 orcs
  2 ball pythons
  3 endoplasms
  3 giant cockroaches
  4 goblins
  3 hobgoblins
  9 jackals
  4 quokkas
  2 bats (D:1)
  2 frilled lizards (D:1)
  8 kobolds
  4 rats (D:1)
98 creatures vanquished.

Vanquished Creatures (others)
  An orc (D:6)
  A plant (D:3)
2 creatures vanquished.

Grand Total: 158 creatures vanquished

Table legend:
 A = Non-vault XP
 B = Vault XP
 C = Vault XP percentage of total XP
 D = Non-vault monster count
 E = Vault monster count
 F = Vault count percentage of total count
                 A         B        C        D         E       F
            +---------+---------+-------+---------+---------+-------
      Total |    2913 |    1164 |  28.6 |     136 |      20 |  12.8
            +---------+---------+-------+---------+---------+-------
        D:1 |      50 |       8 |  13.8 |      30 |       4 |  11.8
        D:2 |      37 |       0 |   0.0 |      11 |       0 |   0.0
        D:3 |     175 |       0 |   0.0 |      18 |       0 |   0.0
        D:4 |     288 |      44 |  13.3 |      32 |      10 |  23.8
        D:5 |     888 |     331 |  27.2 |      16 |       3 |  15.8
        D:6 |     512 |     781 |  60.4 |      17 |       3 |  15.0
        D:7 |     963 |       0 |   0.0 |      12 |       0 |   0.0
            +---------+---------+-------+---------+---------+-------

Illustrated notes

Table legend:
 A = Kills in this place as a percentage of kills in entire the game.
 B = Kills by you in this place as a percentage of kills by you in the entire game.
 C = Kills by friends in this place as a percentage of kills by friends in the entire game.
 D = Other kills in this place as a percentage of other kills in the entire game.
 E = Experience gained in this place as a percentage of experience gained in the entire game.
 F = Experience gained in this place divided by the number of levels of this place that you have seen.
                   A       B       C       D       E      F
               +-------+-------+-------+-------+-------+----------------------
         Total | 100.0 | 100.0 | 100.0 | 100.0 | 100.0 | 582.4
       Dungeon | 100.0 | 100.0 | 100.0 | 100.0 | 100.0 | 582.4
               +-------+-------+-------+-------+-------+----------------------

Table legend: (Time is in decaauts)
 A = Elapsed time spent in this place.
 B = Non-inter-level travel time spent in this place.
 C = Inter-level travel time spent in this place.
 D = Time resting spent in this place.
 E = Time spent auto-exploring this place.
 F = Levels seen in this place.
 G = Mean time per level.
                   A        B        C        D        E       F      G
               +--------+--------+--------+--------+--------+-----+--------+
         Total |   7925 |   7652 |    273 |    592 |   5432 |   7 | 1132.1 |
       Dungeon |   7925 |   7652 |    273 |    592 |   5432 |   7 | 1132.1 |
               +--------+--------+--------+--------+--------+-----+--------+

Top non-repeatable levels by time:
     D:4: 1596 daAuts
     D:5: 1354 daAuts
     D:1: 1258 daAuts
     D:6: 1196 daAuts
     D:3: 1148 daAuts
     D:2: 1031 daAuts
     D:7: 340 daAuts
